 Dungeon Crawl Stone Soup version 0.20-a0-1089-g3fde505 (webtiles) character file.

18566 Alarkh the Cleaver (level 12, -2/139 HPs)
             Began as a Demonspawn Berserker on May 3, 2017.
             Was a High Priest of Trog.
             Killed from afar by a starcursed mass (4 damage)
             ... with an accursed screaming
             ... on level 1 of the Abyss.
             The game lasted 00:15:55 (13763 turns).

Alarkh the Cleaver (Demonspawn Berserker)          Turns: 13763, Time: 00:15:56

Health: -2/139     AC: 20    Str: 24    XL:     12   Next: 28%
Magic:  12/12      EV: 14    Int: 13    God:    Trog [*****.]
Gold:   475        SH:  2    Dex: 12    Spells: 11/11 levels left

rFire    . . .     SeeInvis .   a - +3 battleaxe (venom)
rCold    + . .     Gourm    .   (shield currently unavailable)
rNeg     . . .     Faith    .   B - +4 scale mail "Ecoigig" {rC+ Slay+3}
rPois    +         Spirit   .   (helmet restricted)
rElec    .         Reflect  +   z - +2 cloak
rCorr    +         Harm     .   f - +0 pair of gloves
MR       .....                  G - +0 pair of boots
Stlth    ..........             Q - +2 amulet of reflection
Regen    0.4/turn               E - ring of resist corrosion
MPRegen  0.2/turn               (no ring)

@: mighty, berserking (expiring), starving, very quick
A: horns 1, yellow scales 1, blink, clumsy 1, nightstalker 2, poison resistance,
powered by pain 1, strong 1
a: Blink, Berserk, Trog's Hand, Brothers in Arms, Burn Spellbooks, Renounce
Religion


You were on level 1 of the Abyss.
You worshipped Trog.
Trog was extremely pleased with you.
You were starving.

You visited 3 branches of the dungeon, and saw 12 of its levels.
You visited the Abyss 1 time.

You collected 715 gold pieces.
You spent 240 gold pieces at shops.

Inventory:

Hand Weapons
 a - a +3 battleaxe of venom (weapon)
 v - a +0 war axe
 K - a +0 hand axe
 R - the +3 rapier "Cocog" {pierce, rElec, unknown}
   (You found it on level 1 of the Abyss)

   It inflicts extra damage upon your enemies.
   It insulates you from electricity.
Armour
 b - a +0 animal skin
 f - a +0 pair of gloves (worn)
 x - a +0 leather armour
 z - a +2 cloak (worn)
 B - the +4 scale mail "Ecoigig" (worn) {rC+ Slay+3}
   (You bought it in a shop on level 4 of the Dungeon)

   It affects your accuracy and damage with ranged weapons and melee attacks
   (+3).
   It protects you from cold.
 G - a +0 pair of boots (worn)
Jewellery
 E - a ring of resist corrosion (left hand)
 I - an uncursed amulet of magic regeneration
 M - an uncursed ring of teleportation
 P - an uncursed ring of stealth {unknown}
 Q - a +2 amulet of reflection (around neck)
Wands
 u - a wand of paralysis (15/24)
 N - a wand of clouds (2/9)
Scrolls
 d - a scroll of blinking
 e - a scroll of identify
 h - 4 scrolls of teleportation
 i - 9 scrolls of remove curse
 l - 5 scrolls of immolation
 p - a scroll of fog
 s - 3 scrolls of fear
 t - a scroll of amnesia
 y - a scroll of random uselessness {unknown}
 F - 2 scrolls of enchant weapon {unknown}
 J - 3 scrolls of magic mapping
 L - a scroll of torment {unknown}
Potions
 g - 5 potions of lignification
 k - 4 potions of heal wounds
 m - a potion of invisibility
 o - 4 potions of brilliance
 r - 4 potions of flight
 w - 2 potions of curing
 C - 2 potions of might
Books
 A - a book of Cantrips

   Spells                             Type                      Level
   a - Confusing Touch                Hexes                        1
   b - Animate Skeleton               Necromancy                   1
   c - Summon Small Mammal            Summoning                    1
   d - Apportation                    Translocation                1
   Trog disapproves of the use of such an item.
 D - a book of Callings

   Spells                             Type                      Level
   a - Summon Small Mammal            Summoning                    1
   b - Call Imp                       Summoning                    2
   c - Call Canine Familiar           Summoning                    3
   d - Summon Guardian Golem          Hexes/Summoning              3
   e - Summon Lightning Spire         Summoning/Air                4
   f - Summon Ice Beast               Ice/Summoning                4
   Trog disapproves of the use of such an item.
Miscellaneous
 O - a lightning rod (4/4)
Comestibles
 c - 7 bread rations
 n - 9 royal jellies
 q - 6 fruits
 H - 4 meat rations


   Skills:
 + Level 8.2 Fighting
 * Level 13.8 Axes
 + Level 7.8 Armour
 + Level 7.4 Dodging


You had 11 spell levels left.
You didn't know any spells.

Dungeon Overview and Level Annotations

Branches:
Dungeon (9/15)             Temple (1/1) D:5            Lair (2/6) D:9
  Swamp: Lair:2-4    Shoals: Lair:2-4     Snake: Lair:2-4    Spider: Lair:2-4
    Orc: D:9-12

Altars:
Ashenzari
Cheibriados
Dithmenos
Elyvilon
Fedhas
Gozag
Hepliaklqana
Kikubaaqudgha
Makhleb
Nemelex Xobeh
Okawaru
Qazlal
Ru
Sif Muna
Trog
Uskayaw
Vehumet
Wu Jian
Xom
Yredelemnul
Zin

Shops:
D:4 *   D:8 [=?%

Annotations:
D:5 1 exclusion
Lair:1 Sonja


Innate Abilities, Weirdness & Mutations

You have a pair of small horns on your head.
You are partially covered in yellow scales. (AC +2)
You are significantly more attuned to the shadows.
You sometimes gain a little power by taking damage.
You can translocate small distances at will.
You are clumsy. (Dex -2)
Your system is resistant to poisons. (rPois)
Your muscles are strong. (Str +2)


Message History

You slice the starcursed mass!!
You headbutt the starcursed mass, but do no damage.
The starcursed mass is severely damaged.
The starcursed mass shudders and is absorbed by its neighbour.
Unknown command.
Found a shadowy altar of Dithmenos.
A thrashing horror comes into view.
The thrashing horror roars!
You slash the starcursed mass!
You headbutt the starcursed mass, but do no damage.
The starcursed mass is severely damaged.
The starcursed mass shrieks in your mind.
* * * LOW HITPOINT WARNING * * *
Unknown command.
You slash the starcursed mass! You headbutt the starcursed mass!
The starcursed mass is almost destroyed.
The thrashing horror barely misses you.
The thrashing horror tramples you but does no damage.
The starcursed mass shrieks in your mind.
You die...

. .. . . _#. #.
## #. .#..## ...
# ..#.#
#.#.##..# ... #
#..##.##.......
..# .#
.#.#..##..X....
. #.
.#..#......@X..#
#..#.
..#.......##
#... .. #
##.##.....# .
.#..#...#
##.......
..#..#..###.
........ # .###
## ............
#. #..
..#.##.....# #.
#. # # ..


You could see a starcursed mass and a thrashing horror.

Vanquished Creatures
  A tentacled starspawn (Abyss:1)
  2 two-headed ogres
  An ogre mage (D:8)
  A fire crab (D:8)
  2 manticores (D:7)
  Joseph (D:7)
  2 komodo dragons (Lair:1)
  5 polar bears (D:7)
  Grinder (D:4)
  7 blink frogs (Lair:1)
  4 hippogriffs
  A wyvern (D:9)
  5 hogs
  Sigmund (D:4)
  A human (D:8)
  Eustachio (D:4)
  2 basilisks
  2 steam dragons
  A hungry ghost (D:3)
  Edmund (D:4)
  Menkaure (D:7)
  A soldier ant (D:8)
  4 water moccasins (Lair:1)
  Duvessa (D:4)
  7 porcupines
  An orc warrior (D:9)
  A small abomination (Abyss:1)
  An ice beast (D:9)
  A sky beast (D:9)
  5 black bears
  A wolf (D:9)
  3 ogres
  5 centaurs
  3 phantoms
  2 starcursed masses (Abyss:1)
  7 crocodiles
  8 bullfrogs
  3 scorpions
  A water moccasin skeleton (D:4)
  5 killer bees (D:7)
  Dowan (D:4)
  5 wights (D:6)
  A howler monkey (D:5)
  A centaur zombie (D:4)
  A bullfrog zombie (D:4)
  4 crimson imps
  2 hounds
  4 orc priests
  2 bullfrog skeletons (D:4)
  3 iron imps (D:3)
  2 jellies
  6 orc wizards
  An iguana (D:7)
  9 worker ants
  A killer bee zombie (D:9)
  A hound zombie (D:7)
  A hound skeleton (D:5)
  A howler monkey zombie (D:4)
  Robin (D:4)
  3 worker ant zombies
  4 gnolls (D:4)
  10 adders
  An ooze (D:1)
  2 adder skeletons
  2 adder zombies
  A worm (D:4)
  A leopard gecko (D:2)
  30 orcs
  4 giant cockroaches
  15 goblins
  13 hobgoblins
  13 jackals
  6 kobolds
  8 quokkas
  4 ball pythons
  4 bats
  2 frilled lizards
  A jackal zombie (D:4)
  A leopard gecko skeleton (D:4)
  6 rats
  A butterfly (D:5)
  A fungus (D:9)
  A plant (D:9)
  2 starspawn tentacles (Abyss:1)
286 creatures vanquished.

Vanquished Creatures (collateral kills)
  A hydra (Lair:1)
  A spiny frog (Lair:1)
  3 polar bears (D:7)
  A yak (D:7)
  A hog (D:7)
  A black bear (D:7)
  A plant (Lair:1)
9 creatures vanquished.

Vanquished Creatures (others)
  An orc wizard (D:7)
  A fungus (Lair:1)
  2 plants
  2 starspawn tentacles (Abyss:1)
6 creatures vanquished.

Grand Total: 301 creatures vanquished

Notes
Turn   | Place    | Note
-------+----------+-------------------------------------------
     0 | D:1      | Alarkh the Demonspawn Berserker began the quest for the Orb.
     0 | D:1      | Reached XP level 1. HP: 18/18 MP: 1/1
   178 | D:1      | Reached skill level 3 in Axes
   288 | D:1      | Gained mutation: You sometimes gain a little power by taking damage. [demonic ancestry]
   288 | D:1      | Reached XP level 2. HP: 24/24 MP: 2/2
  1406 | D:1      | Reached XP level 3. HP: 24/29 MP: 3/3
  1671 | D:1      | Reached ** piety under Trog
  1892 | D:2      | Reached skill level 4 in Axes
  2394 | D:2      | Gained mutation: You are partially covered in yellow scales. (AC +2) [demonic ancestry]
  2394 | D:2      | Reached XP level 4. HP: 19/35 MP: 4/4
  3295 | D:3      | Reached skill level 5 in Axes
  3618 | D:3      | Noticed a hungry ghost
  3628 | D:3      | Killed a hungry ghost
  3628 | D:3      | Reached skill level 6 in Axes
  3628 | D:3      | Gained mutation: You are slightly more attuned to the shadows. [demonic ancestry]
  3628 | D:3      | Reached XP level 5. HP: 41/41 MP: 5/5
  3628 | D:3      | Gained mutation: You have a pair of small horns on your head. [demonic ancestry]
  3628 | D:3      | Reached XP level 6. HP: 47/47 MP: 6/6
  3672 | D:3      | Found a burning altar of Makhleb.
  4300 | D:4      | Reached skill level 7 in Axes
  4380 | D:4      | Reached XP level 7. HP: 52/52 MP: 7/7
  4621 | D:4      | Reached *** piety under Trog
  4898 | D:4      | Noticed Sigmund
  4905 | D:4      | Killed Sigmund
  4905 | D:4      | Reached skill level 8 in Axes
  5130 | D:4      | Noticed Edmund
  5131 | D:4      | Found Ruwkuin's Assorted Antiques.
  5138 | D:4      | Killed Edmund
  5171 | D:4      | Noticed Grinder
  5206 | D:4      | Paralysed by Grinder for 2 turns
  5215 | D:4      | Killed Grinder
  5215 | D:4      | Reached skill level 9 in Axes
  5215 | D:4      | Reached XP level 8. HP: 58/58 MP: 8/8
  5317 | D:4      | Noticed Dowan
  5318 | D:4      | Noticed Duvessa
  5328 | D:4      | Killed Dowan
  5331 | D:4      | Killed Duvessa
  5708 | D:4      | Noticed Eustachio
  5716 | D:4      | Killed Eustachio
  5716 | D:4      | Reached skill level 10 in Axes
  5865 | D:4      | Noticed Robin
  5875 | D:4      | Killed Robin
  6343 | D:4      | Bought a transparent scale mail for 216 gold pieces
  6354 | D:4      | Identified the +4 scale mail "Ecoigig" {rC+ Slay+3} (You bought it in a shop on level 4 of the Dungeon)
  6368 | D:5      | Entered Level 5 of the Dungeon
  6576 | D:5      | Found a shimmering altar of Xom.
  6774 | D:5      | Found a basalt altar of Yredelemnul.
  6800 | D:5      | Found an iron altar of Okawaru.
  6906 | D:5      | Found a glowing silver altar of Zin.
  7117 | D:5      | Found a staircase to the Ecumenical Temple.
  7315 | Temple   | Entered the Ecumenical Temple
  7619 | D:6      | Reached XP level 9. HP: 65/65 MP: 9/9
  7710 | D:6      | Found an opulent altar of Gozag.
  8123 | D:6      | Found a shadowy altar of Dithmenos.
  8128 | D:6      | Reached **** piety under Trog
  8390 | D:7      | Found a huge runed gate.
  8391 | D:7      | Found a huge runed gate.
  8391 | D:7      | Noticed a polar bear
  8392 | D:7      | Noticed a polar bear
  8392 | D:7      | Noticed a polar bear
  8392 | D:7      | Noticed a manticore
  8392 | D:7      | Found a huge runed gate.
  8392 | D:7      | Noticed a polar bear
  8392 | D:7      | Noticed a polar bear
  8392 | D:7      | Noticed a polar bear
  8392 | D:7      | Noticed a manticore
  8393 | D:7      | Found a huge runed gate.
  8393 | D:7      | Noticed a polar bear
  8402 | D:7      | Noticed a polar bear
  8458 | D:7      | Noticed Joseph
  8464 | D:7      | Reached skill level 11 in Axes
  8471 | D:7      | Found a bloodstained altar of Trog.
  8930 | D:7      | Killed Joseph
  8931 | D:7      | Reached skill level 5 in Fighting
  9102 | D:7      | Noticed Menkaure
  9108 | D:7      | Killed Menkaure
  9368 | D:7      | Found a snail-covered altar of Cheibriados.
  9477 | D:7      | Gained mutation: Your muscles are strong. (Str +2) [potion of mutation]
  9477 | D:7      | Gained mutation: You can translocate small distances at will. [potion of mutation]
  9485 | D:7      | Gained mutation: You are significantly more attuned to the shadows. [demonic ancestry]
  9485 | D:7      | Reached XP level 10. HP: 74/74 MP: 10/10
  9492 | D:7      | Killed a manticore
  9492 | D:7      | Reached skill level 5 in Armour
  9498 | D:7      | Reached skill level 5 in Dodging
  9499 | D:7      | Killed a manticore
  9499 | D:7      | Reached skill level 12 in Axes
  9818 | D:8      | Noticed a fire crab
  9819 | D:8      | Noticed an ogre mage
  9825 | D:8      | Killed a fire crab
  9825 | D:8      | Reached XP level 11. HP: 83/83 MP: 11/11
  9835 | D:8      | Killed an ogre mage
  9843 | D:8      | Found a glowing silver altar of Zin.
  9843 | D:8      | Found a hide-covered altar of Uskayaw.
  9846 | D:8      | Noticed a two-headed ogre
  9881 | D:8      | Killed a two-headed ogre
 10066 | D:8      | Found Damobuz's Food Shoppe.
 10112 | D:8      | Found a shattered altar of Ashenzari.
 10187 | D:8      | Reached ***** piety under Trog
 10243 | D:8      | Found a hide-covered altar of Uskayaw.
 10378 | D:8      | Found Jelaak's Magic Scroll Shop.
 10442 | D:8      | Found Akheoc's Antique Armour Shop.
 10469 | D:8      | Found Ecvetuv's Jewellery Shop.
 10697 | D:9      | Found a staircase to the Lair.
 10860 | D:9      | Gained mutation: You are clumsy. (Dex -2) [mutagenic meat]
 10862 | D:9      | Gained mutation: Your system is resistant to poisons. (rPois) [mutagenic meat]
 10961 | D:9      | Reached skill level 13 in Axes
 11357 | D:9      | Found an ancient bone altar of Kikubaaqudgha.
 11591 | D:9      | Found an ancient bone altar of Kikubaaqudgha.
 11594 | D:9      | Found a radiant altar of Vehumet.
 11710 | D:9      | Noticed a two-headed ogre
 11715 | D:9      | Killed a two-headed ogre
 11997 | D:4      | Bought a scroll labeled SYINEO CUDESU for 24 gold pieces
 12106 | Lair:1   | Entered Level 1 of the Lair of Beasts
 12209 | Lair:1   | Received a gift from Trog
 12760 | Lair:1   | Reached XP level 12. HP: 91/92 MP: 12/12
 13043 | Lair:1   | Noticed a four-headed hydra
 13045 | Lair:1   | Noticed Sonja
 13058 | Lair:1   | Killed a four-headed hydra
 13468 | Lair:1   | You fall through a shaft!
 13661 | Lair:1   | Cast into level 1 of the Abyss (Sonja)
 13662 | Abyss:1  | Found a corrupted altar of Lugonu.
 13688 | Abyss:1  | Got a steaming rapier
 13739 | Abyss:1  | Noticed a tentacled starspawn
 13744 | Abyss:1  | Noticed a starcursed mass
 13751 | Abyss:1  | Paralysed by accursed screaming for 1 turns
 13753 | Abyss:1  | Killed a tentacled starspawn
 13761 | Abyss:1  | Found a shadowy altar of Dithmenos.
 13762 | Abyss:1  | HP: 1/139 [starcursed mass/accursed screaming (7)]
 13763 | Abyss:1  | Killed from afar by a starcursed mass

Vault maps used:
D:1:      ncdulo_halloftheorcs
D:2:      nicolae_overflow_hidden_temple, first_bread,
          minmay_misc_feat_more_columns
D:3:      demons_altar
D:4:      serial_undead, serial_undead_c, serial_undead_d, serial_undead_d,
          serial_undead_a, serial_shops, shop, uniq_grinder, uniq_robin,
          uniq_eustachio, uniq_edmund, uniq_sigmund, uniq_duvessa
D:5:      lemuel_round_altar, zin_scriptorium, xom_butterflies,
          minmay_temple_entry_nine_rooms, basic_altar, hangedman_decor_points
D:6:      overflow_temple_1_default, grunt_dithmenos_shadows
D:7:      lemuel_bear_cage, lemuel_round_altar, overflow_temple_1_default,
          uniq_menkaure, uniq_joseph
D:8:      eat_drink_and_be_merry_uskayaw, kennysheep_mini_moat, serial_shops,
          shop, nicolae_shop_stone, nicolae_shop_competitors_out_of_business,
          shop, grunt_livestock, jmf_multi_god_temple
D:9:      minitemple, minmay_lair_entry_grove, basic_altar,
          minmay_misc_feat_four_crosses
Temple:   jpeg_temple_island
Lair:1:   uniq_sonja
Lair:2:   st_stairs_3, serial_bayou_ford_a, zaba_antful_of_joy, uniq_nergalle

Skill      XL: |  1  2  3  4  5  6  7  8  9 10 11 12 |
---------------+-------------------------------------+-----
Axes           | 3 4 6 7 9 10 11 12 13 | 13.8
Armour         | 2 4 5 7 |  7.8
Dodging        | 2 4 5 7 |  7.4
Fighting       | 5 6 7 8 |  8.2

Action                   |  1- 3 |  4- 6 |  7- 9 | 10-12 || total
-------------------------+-------+-------+-------+-------++-------
Melee: Hand axe          |   146 |   110 |    14 |       ||   270
       Headbutt          |       |     9 |    55 |    71 ||   135
       War axe           |       |       |   245 |   261 ||   506
       Battleaxe         |       |       |       |    74 ||    74
Invok: Berserk           |     3 |     5 |    12 |     8 ||    28
       Brothers in Arms  |       |       |     1 |     2 ||     3
       Trog's Hand       |       |       |     1 |       ||     1
  Use: Potion            |     2 |       |     5 |     2 ||     9
       Scroll            |       |     2 |     7 |    10 ||    19
 Stab: Sleeping          |       |     1 |     2 |     5 ||     8
  Eat: Chunk             |     6 |     8 |    26 |    24 ||    64
       Bread ration      |       |     1 |       |       ||     1
       Fruit             |       |       |     2 |       ||     2
Armor: Animal skin       |    36 |    28 |     4 |       ||    68
       Scale mail        |       |       |    73 |   163 ||   236
       Leather armour    |       |       |    12 |       ||    12
Dodge: Dodged            |    99 |    61 |   142 |   228 ||   530
